Workbook

Sheet PLANILHA
A5: PLANILHA ORÇAMENTARIA DE CUSTOS - REFORMA DE PRAÇA PÚBLICA - SEM DESONERAÇÃO
A6: OBRA: REFORMA DE PRAÇA PÚBLICA NO BAIRRO SAUDADE.
A7: LOCAL: AVENIDA DA SAUDADE, BAIRRO SAUDADE.
A8: RESPONSÁVEL TÉCNICO PELA ORÇAMENTO: KIMBERLY MOREIRA DE SOUZA - CREA/MG: 294.926/D
A9: RESPONSÁVEL LEGAL DO MUNICÍPIO: ZILMAR PINHEIRO LOPES
A10: DATA: 15/06/2026
A11: % DE BDI: | B11: =BDI!G13 -> 0.24666704 | C11: 1.2467 | D11: EXECUÇÃO DA OBRA: ( ) DIRETA (X) INDIRETA
A12: FONTE: | B12: SINAPI 02/2026 - SEM DESONERAÇÃO, SICRO 01/2026 - SEM DESONERAÇÃO
A13: PLANILHA ORÇAMENTÁRIA
A14: Item | B14: Código | C14: Fonte | D14: Descrição | E14: Uni. | F14: Quant. | G14: Valores orçamento (R$)
G15: Custo (s/ BDI) | I15: Preço (c/BDI)
G16: Unitário | H16: Total Item | I16: Unitário | J16: Total Item
A17: 1. | D17: IMPLANTAÇÃO DA OBRA E SERVIÇOS PRELIMINARES | I17: Subtotal: | J17: =SUBTOTAL(9,J18:J25) -> 52395.69
A18: 1.1 | B18: ED-16660 | C18: SETOP | D18: FORNECIMENTO E COLOCAÇÃO DE PLACA DE OBRA EM CHAPA GALVANIZADA #26, ESP. 0,45 MM, PLOTADA COM ADESIVO VINÍLICO, AFIXADA COM REBITES 4,8X40 MM, EM ESTRUTURA METÁLICA DE METALON 20X20 MM, ESP. 1,25 MM, INCLUSIVE SUPORTE EM EUCALIPTO AUTOCLAVADO PINTADO COM TINTA PVA DUAS (2) DEMÃOS | E18: M² | F18: 4.5 | G18: 268.16 | H18: =ROUND(F18*G18,2) -> 1206.72 | I18: =ROUND(G18*$C$11,2) -> 334.32 | J18: =ROUND(F18*I18,2) -> 1504.44
A19: 1.2 | B19: 10776 | C19: SINAPI | D19: LOCACAO DE CONTAINER 2,30 X 6,00 M, ALT. 2,50 M, PARA ESCRITORIO, SEM DIVISORIAS INTERNAS E SEM SANITARIO (NAO INCLUI MOBILIZACAO/DESMOBILIZACAO) | E19: MÊS | F19: 8 | G19: 789.06 | H19: =ROUND(F19*G19,2) -> 6312.48 | I19: =ROUND(G19*$C$11,2) -> 983.72 | J19: =ROUND(F19*I19,2) -> 7869.76
A20: 1.3 | B20: ED-50137 | C20: SETOP | D20: MOBILIZAÇÃO E DESMOBILIZAÇÃO DE CONTAINER, INCLUSIVE CARGA, DESCARGA E TRANSPORTE EM CAMINHÃO CARROCERIA COM GUINDAUTO (MUNCK), EXCLUSIVE LOCAÇÃO DO CONTAINER | E20: UNIT. | F20: 1 | G20: 1702.32 | H20: =ROUND(F20*G20,2) -> 1702.32 | I20: =ROUND(G20*$C$11,2) -> 2122.28 | J20: =ROUND(F20*I20,2) -> 2122.28
A21: 1.4 | B21: ED-50276 | C21: SETOP | D21: LOCAÇÃO TOPOGRÁFICA ACIMA DE CINQUENTA (50) PONTOS REFERENCIAIS, INCLUSIVE ESTACA (PIQUETE) DE MARCAÇÃO (PRAÇA) | E21: UNIT. | F21: 80 | G21: 44.1 | H21: =ROUND(F21*G21,2) -> 3528 | I21: =ROUND(G21*$C$11,2) -> 54.98 | J21: =ROUND(F21*I21,2) -> 4398.4
A22: 1.5 | B22: 105009 | C22: SINAPI | D22: LOCAÇÃO CONVENCIONAL DE OBRA, UTILIZANDO GABARITO DE TÁBUAS CORRIDAS PONTALETADAS A CADA 1,50M - 2 UTILIZAÇÕES. AF_03/2024 | E22: M | F22: 46.3 | G22: 95.54 | H22: =ROUND(F22*G22,2) -> 4423.5 | I22: =ROUND(G22*$C$11,2) -> 119.11 | J22: =ROUND(F22*I22,2) -> 5514.79
A23: 1.6 | B23: ED-14457 | C23: SETOP | D23: PORTÃO PARA TAPUME FIXO DE PROTEÇÃO COM FECHAMENTO DE OBRA EM TELHA METÁLICA GALVANIZADA, TIPO TRAPEZOIDAL ESP. 0,5MM, COM MÓDULO NA DIMENSÃO DE (300X220)CM, EXCLUSIVE PINTURA ESMALTE | E23: m2 | F23: 10 | G23: 194.75 | H23: =ROUND(F23*G23,2) -> 1947.5 | I23: =ROUND(G23*$C$11,2) -> 242.79 | J23: =ROUND(F23*I23,2) -> 2427.9
A24: 1.7 | B24: ED-2982 | C24: SETOP | D24: TAPUME FIXO DE PROTEÇÃO PARA FECHAMENTO DE OBRA EM TELHA METÁLICA GALVANIZADA, TIPO TRAPEZOIDAL, ESP. 0,5MM, COM MÓDULO NA DIMENSÃO DE (300X220)CM, COM REAPROVEITAMENTO, EXCLUSIVE PINTURA ESMALTE, INCLUSIVE PONTALETE E FIXAÇÃO | E24: m2 | F24: =162*2 -> 324 | G24: 68.22 | H24: =ROUND(F24*G24,2) -> 22103.28 | I24: =ROUND(G24*$C$11,2) -> 85.05 | J24: =ROUND(F24*I24,2) -> 27556.2
A25: 1.8 | B25: ED-50166 | C25: SETOP | D25: REMANEJAMENTO DE TAPUME FIXO DE PROTEÇÃO PARA FECHAMENTO DE OBRA, INCLUSIVE ESCAVAÇÃO MANUAL E REATERRO COMPACTADO | E25: m2 | F25: =(19+6+6)*2 -> 62 | G25: 12.96 | H25: =ROUND(F25*G25,2) -> 803.52 | I25: =ROUND(G25*$C$11,2) -> 16.16 | J25: =ROUND(F25*I25,2) -> 1001.92
A26: 2. | D26: MOVIMENTAÇÃO DE TERRA, JARDINAGEM E DEMOLIÇÃO. | I26: Subtotal: | J26: =SUBTOTAL(9,J27:J36) -> 71559.74
A27: 2.1 | B27: ED-48489 | C27: SETOP | D27: DEMOLIÇÃO MECANIZADA DE LAJE DE CONCRETO ARMADO, COM ESPESSURA DE ATÉ 15CM, , COM EQUIPAMENTO ELÉTRICO, INCLUSIVE AFASTAMENTO E EMPILHAMENTO, EXCLUSIVE TRANSPORTE E RETIRADA DO MATERIAL DEMOLIDO | E27: M² | F27: =62.28 -> 62.28 | G27: 27.44 | H27: =ROUND(F27*G27,2) -> 1708.96 | I27: =ROUND(G27*$C$11,2) -> 34.21 | J27: =ROUND(F27*I27,2) -> 2130.6
A28: 2.2 | B28: 97625 | C28: SINAPI | D28: DEMOLIÇÃO DE ALVENARIA PARA QUALQUER TIPO DE BLOCO, DE FORMA MECANIZADA, SEM REAPROVEITAMENTO. AF_09/2023 | E28: M³ | F28: 20 | G28: 53.4 | H28: =ROUND(F28*G28,2) -> 1068 | I28: =ROUND(G28*$C$11,2) -> 66.57 | J28: =ROUND(F28*I28,2) -> 1331.4
A29: 2.3 | B29: ED-48476 | C29: SETOP | D29: REMOÇÃO MANUAL DE PAVIMENTAÇÃO INTERTRAVADA OU SEXTAVADO EM PRÉ-MOLDADO DE CONCRETO, COM REAPROVEITAMENTO, INCLUSIVE AFASTAMENTO E EMPILHAMENTO, EXCLUSIVE TRANSPORTE E RETIRADA DO MATERIAL REMOVIDO NÃO REAPROVEITÁVEL | E29: M² | F29: 50 | G29: 17.57 | H29: =ROUND(F29*G29,2) -> 878.5 | I29: =ROUND(G29*$C$11,2) -> 21.9 | J29: =ROUND(F29*I29,2) -> 1095
A30: 2.4 | B30: ED-48472 | C30: SETOP | D30: REMOÇÃO MANUAL DE GUIA DE MEIO-FIO PRÉ-MOLDADA EM CONCRETO, COM REAPROVEITAMENTO, INCLUSIVE AFASTAMENTO E EMPILHAMENTO, EXCLUSIVE TRANSPORTE E RETIRADA DO MATERIAL REMOVIDO NÃO REAPROVEITÁVEL | E30: M | F30: 50 | G30: 13.81 | H30: =ROUND(F30*G30,2) -> 690.5 | I30: =ROUND(G30*$C$11,2) -> 17.22 | J30: =ROUND(F30*I30,2) -> 861
A31: 2.5 | B31: 98520 | C31: SINAPI | D31: APLICAÇÃO DE ADUBO EM SOLO. AF_07/2024 | E31: M² | F31: =F32+13.45 -> 435.18 | G31: 6.16 | H31: =ROUND(F31*G31,2) -> 2680.71 | I31: =ROUND(G31*$C$11,2) -> 7.68 | J31: =ROUND(F31*I31,2) -> 3342.18
A32: 2.6 | B32: ED-50437 | C32: SETOP | D32: PLANTIO DE GRAMA ESMERALDA EM PLACAS, INCLUSIVE TERRA VEGETAL E CONSERVAÇÃO POR TRINTA (30) DIAS | E32: M² | F32: =103.58+169.11+3.23+4.6+3.25+1.9+12.97+12.64+6.53+6.85+10.51+2.64+13.24+9.87+25.84+6.54+6.25+3.14+9.04+10 -> 421.73 | G32: 38.09 | H32: =ROUND(F32*G32,2) -> 16063.7 | I32: =ROUND(G32*$C$11,2) -> 47.49 | J32: =ROUND(F32*I32,2) -> 20027.96
A33: 2.7 | B33: 98516 | C33: SINAPI | D33: PLANTIO DE PALMEIRA COM ALTURA DE MUDA MENOR OU IGUAL A 2,00 M . AF_07/2024 | E33: UND | F33: =19 -> 19 | G33: 367.48 | H33: =ROUND(F33*G33,2) -> 6982.12 | I33: =ROUND(G33*$C$11,2) -> 458.14 | J33: =ROUND(F33*I33,2) -> 8704.66
A34: 2.8 | B34: 98511 | C34: SINAPI | D34: PLANTIO DE ÁRVORE ORNAMENTAL COM ALTURA DE MUDA MAIOR QUE 2,00 M E MENOR OU IGUAL A 4,00 M . AF_07/2024 | E34: UND | F34: 115 | G34: 190 | H34: =ROUND(F34*G34,2) -> 21850 | I34: =ROUND(G34*$C$11,2) -> 236.87 | J34: =ROUND(F34*I34,2) -> 27240.05
A35: 2.9 | B35: ED-51100 | C35: SETOP | D35: CORTE E DESATERRO MECÂNICO PARA REGULARIZAÇÃO, COM TRATOR DE ESTEIRA, INCLUSIVE ARRASTAMENTO NIVELADO, AFASTAMENTO E EMPILHAMENTO, EXCLUSIVE CARGA, TRANSPORTE E DESCARGA | E35: M³ | F35: 100 | G35: 4.16 | H35: =ROUND(F35*G35,2) -> 416 | I35: =ROUND(G35*$C$11,2) -> 5.19 | J35: =ROUND(F35*I35,2) -> 519
A36: 2.10 | B36: ED-51122 | C36: SETOP | D36: REGULARIZAÇÃO E COMPACTAÇÃO DE TERRENO MANUAL COM SOQUETE, EXCLUSIVE DESMATAMENTO, DESTOCAMENTO, LIMPEZA/ROÇADA DO TERRENO | E36: M² | F36: =(122.15+49.58+17.25+17.35+7.35+9.87+4.87+8.4+9.37+6.82+1.87+116+47.52+100)*0.8 -> 414.72 | G36: 12.2 | H36: =ROUND(F36*G36,2) -> 5059.58 | I36: =ROUND(G36*$C$11,2) -> 15.21 | J36: =ROUND(F36*I36,2) -> 6307.89
A37: 3. | D37: FUNDAÇÕES | I37: Subtotal: | J37: =SUBTOTAL(9,J38:J47) -> 155770.7
A38: 3.1 | B38: 96527 | C38: SINAPI | D38: ESCAVAÇÃO MANUAL PARA VIGA BALDRAME OU SAPATA CORRIDA (INCLUINDO ESCAVAÇÃO PARA COLOCAÇÃO DE FÔRMAS). AF_01/2024 | E38: M³ | F38: =((53+28+12+12+14.66+16.52+15.72+9.45+15.72+11.82+20.54+3.19+2.35+1.35+1.35+1.35+8.3*2+0.85*2+1.45*2+1.35+2.07+38.3+5.2+1.5*2+1.55+5.2*4+1.15*2)*0.3*0.5)-2.52 -> 44.6985 | G38: 121.2 | H38: =ROUND(F38*G38,2) -> 5417.46 | I38: =ROUND(G38*$C$11,2) -> 151.1 | J38: =ROUND(F38*I38,2) -> 6753.94
A39: 3.2 | B39: 96523 | C39: SINAPI | D39: ESCAVAÇÃO MANUAL PARA BLOCO DE COROAMENTO OU SAPATA (INCLUINDO ESCAVAÇÃO PARA COLOCAÇÃO DE FÔRMAS). AF_01/2024 | E39: M³ | F39: =((0.8*0.6*1*32+0.7*0.6*1*43)*1.2)-2.52 -> 37.584 | G39: 110.24 | H39: =ROUND(F39*G39,2) -> 4143.26 | I39: =ROUND(G39*$C$11,2) -> 137.44 | J39: =ROUND(F39*I39,2) -> 5165.54
A40: 3.3 | B40: ED-31563 | C40: SETOP | D40: FÔRMA E DESFORMA PARA PILAR COM CHAPA DE COMPENSADO PLASTIFICADO, ESP. 14MM, REAPROVEITAMENTO (5X), EXCLUSIVE ESCORAMENTO | E40: M² | F40: =(40.88+81.09+17.4+13.5+55.57+7.92+24.32+58.19+8.32+22.17+39.43+22.26+115.28) -> 506.33 | G40: 68.87 | H40: =ROUND(F40*G40,2) -> 34870.95 | I40: =ROUND(G40*$C$11,2) -> 85.86 | J40: =ROUND(F40*I40,2) -> 43473.49
A41: 3.4 | B41: ED-49787 | C41: SETOP | D41: FORNECIMENTO DE CONCRETO ESTRUTURAL, PREPARADO EM OBRA COM BETONEIRA, COM FCK 25MPA, INCLUSIVE LANÇAMENTO, ADENSAMENTO E ACABAMENTO (FUNDAÇÃO) | E41: M³ | F41: =5.18+5.62+2.21+0.73+3.57+0.45+0.43+3.09+3.73+0.29+0.45+1.39+2.7+2.75+7.69+0.58 -> 40.86 | G41: 832.33 | H41: =ROUND(F41*G41,2) -> 34009 | I41: =ROUND(G41*$C$11,2) -> 1037.67 | J41: =ROUND(F41*I41,2) -> 42399.2
A42: 3.5 | B42: 96544 | C42: SINAPI | D42: ARMAÇÃO DE BLOCO UTILIZANDO AÇO CA-50 DE 6,3 MM - MONTAGEM. AF_01/2024 | E42: KG | F42: =37 -> 37 | G42: 18.48 | H42: =ROUND(F42*G42,2) -> 683.76 | I42: =ROUND(G42*$C$11,2) -> 23.04 | J42: =ROUND(F42*I42,2) -> 852.48
A43: 3.6 | B43: 96545 | C43: SINAPI | D43: ARMAÇÃO DE BLOCO UTILIZANDO AÇO CA-50 DE 8 MM - MONTAGEM. AF_01/2024 | E43: KG | F43: =113.6+97.5+61.8+96.7+15+39.1+19.8+183.3 -> 626.8 | G43: 16.21 | H43: =ROUND(F43*G43,2) -> 10160.43 | I43: =ROUND(G43*$C$11,2) -> 20.21 | J43: =ROUND(F43*I43,2) -> 12667.63
A44: 3.7 | B44: 96543 | C44: SINAPI | D44: ARMAÇÃO DE BLOCO UTILIZANDO AÇO CA-60 DE 5 MM - MONTAGEM. AF_01/2024 | E44: KG | F44: =24.1+51.6+26.5+52.6+15.8+21.3+41+19.1+104.9+16.7 -> 373.6 | G44: 21.22 | H44: =ROUND(F44*G44,2) -> 7927.79 | I44: =ROUND(G44*$C$11,2) -> 26.45 | J44: =ROUND(F44*I44,2) -> 9881.72
A45: 3.8 | B45: 96546 | C45: SINAPI | D45: ARMAÇÃO DE BLOCO UTILIZANDO AÇO CA-50 DE 10 MM - MONTAGEM. AF_01/2024 | E45: KG | F45: =362.3+68.6+157+45.6+40.8+28.8+221.7+46.4+29.9+20.4+110.3+209.1+165.6+37.1 -> 1543.6 | G45: 13.92 | H45: =ROUND(F45*G45,2) -> 21486.91 | I45: =ROUND(G45*$C$11,2) -> 17.35 | J45: =ROUND(F45*I45,2) -> 26781.46
A46: 3.9 | B46: 98557 | C46: SINAPI | D46: IMPERMEABILIZAÇÃO DE SUPERFÍCIE COM EMULSÃO ASFÁLTICA, 2 DEMÃOS. AF_09/2023 | E46: M² | F46: =(14.16+16.52+15.72+9.45+15.72+11.82+20.57+3.19+2.35+1.35+1.35+1.35+8.3*2+0.85*2+1.45*2+1.35+2.07)*0.95 -> 131.2615 | G46: 42.25 | H46: =ROUND(F46*G46,2) -> 5545.8 | I46: =ROUND(G46*$C$11,2) -> 52.67 | J46: =ROUND(F46*I46,2) -> 6913.54
A47: 3.10 | B47: 97102 | C47: SINAPI | D47: EXECUÇÃO DE RADIER, ESPESSURA DE 15 CM, FCK = 30 MPA, COM USO DE FORMAS EM MADEIRA SERRADA.AF_09/2021 | E47: M² | F47: 2.95 | G47: 239.74 | H47: =ROUND(F47*G47,2) -> 707.23 | I47: =ROUND(G47*$C$11,2) -> 298.88 | J47: =ROUND(F47*I47,2) -> 881.7
A48: 4. | D48: ESTRUTURA | I48: Subtotal: | J48: =SUBTOTAL(9,J49:J50) -> 30560.53
A49: 4.1 | B49: 103686 | C49: SINAPI | D49: CONCRETAGEM DE ESCADAS, FCK=25 MPA, COM USO DE BOMBA - LANÇAMENTO, ADENSAMENTO E ACABAMENTO. AF_02/2022_PS | E49: M³ | F49: =F50*0.12+2.17 -> 11.3236 | G49: 792.87 | H49: =ROUND(F49*G49,2) -> 8978.14 | I49: =ROUND(G49*$C$11,2) -> 988.47 | J49: =ROUND(F49*I49,2) -> 11193.04
A50: 4.2 | B50: 101997 | C50: SINAPI | D50: FABRICAÇÃO DE FÔRMA PARA ESCADAS, COM 1 LANCE E LAJE CASCATA, EM CHAPA DE MADEIRA COMPENSADA PLASTIFICADA, E=18 MM. AF_11/2020 | E50: M² | F50: =76.28 -> 76.28 | G50: 203.66 | H50: =ROUND(F50*G50,2) -> 15535.18 | I50: =ROUND(G50*$C$11,2) -> 253.9 | J50: =ROUND(F50*I50,2) -> 19367.49
A51: 5. | D51: PISOS E ACESSIBILIDADE | I51: Subtotal: | J51: =SUBTOTAL(9,J52:J56) -> 173134.79
A52: 5.1 | B52: 101747 | C52: SINAPI | D52: PISO EM CONCRETO 20 MPA PREPARO MECÂNICO, ESPESSURA 7CM. AF_09/2020 | E52: M² | F52: =39.89 -> 39.89 | G52: 78.61 | H52: =ROUND(F52*G52,2) -> 3135.75 | I52: =ROUND(G52*$C$11,2) -> 98 | J52: =ROUND(F52*I52,2) -> 3909.22
A53: 5.2 | B53: ED-8912 | C53: SETOP | D53: EXECUÇÃO DE PAVIMENTO COM PISO INTERTRAVADO, TIPO ECOLÓGICO, ESP. 6CM, COM FCK DE 35MPA, INCLUSIVE COLCHÃO DE AREIA, ESP. 6CM, PARA ASSENTAMENTO, COMPACTAÇÃO MECANIZADA, CARGA E DESCARGA MECÂNICA EM CAMINHÃO, EXCLUSIVE TRANSPORTE DE PISO INTERTRAVADO | E53: M² | F53: 750 | G53: 95.99 | H53: =ROUND(F53*G53,2) -> 71992.5 | I53: =ROUND(G53*$C$11,2) -> 119.67 | J53: =ROUND(F53*I53,2) -> 89752.5
A54: 5.3 | B54: 93681 | C54: SINAPI | D54: EXECUÇÃO DE PAVIMENTO EM PISO INTERTRAVADO, COM BLOCO RETANGULAR COLORIDO DE 20 X 10 CM, ESPESSURA 8 CM. AF_10/2022 | E54: M² | F54: 250 | G54: 118.76 | H54: =ROUND(F54*G54,2) -> 29690 | I54: =ROUND(G54*$C$11,2) -> 148.06 | J54: =ROUND(F54*I54,2) -> 37015
A55: 5.4 | B55: ED-51139 | C55: SETOP | D55: GUIA DE MEIO-FIO, EM CONCRETO COM FCK 20MPA, PRÉ- MOLDADA, MFC-01 PADRÃO DER-MG, DIMENSÕES (12X16,7X35)CM , EXCLUSIVE SARJETA, INCLUSIVE ESCAVAÇÃO, APILOAMENTO E TRANSPORTE COM RETIRADA DO MATERIAL ESCAVADO (EM CAÇAMBA) | E55: M | F55: 391 | G55: 83.21 | H55: =ROUND(F55*G55,2) -> 32535.11 | I55: =ROUND(G55*$C$11,2) -> 103.74 | J55: =ROUND(F55*I55,2) -> 40562.34
A56: 5.5 | B56: ED-51148 | C56: SETOP | D56: RAMPA PARA ACESSO DE DEFICIENTE, EM CONCRETO SIMPLES FCK = 25 MPA, DESEMPENADA, COM PINTURA INDICATIVA, 02 DEMÃOS | E56: U | F56: 3 | G56: 506.87 | H56: =ROUND(F56*G56,2) -> 1520.61 | I56: =ROUND(G56*$C$11,2) -> 631.91 | J56: =ROUND(F56*I56,2) -> 1895.73
A57: 6. | B57: PAVIMENTOS | I57: Subtotal: | J57: =SUBTOTAL(9,J58) -> 62022.98
A58: 6.1 | B58: 92395 | C58: SINAPI | D58: EXECUÇÃO DE PAVIMENTO EM PISO INTERTRAVADO, COM BLOCO SEXTAVADO DE 25 X 25 CM, ESPESSURA 10 CM. AF_10/2022 | E58: M² | F58: 367.5 | G58: 135.37 | H58: =ROUND(F58*G58,2) -> 49748.48 | I58: =ROUND(G58*$C$11,2) -> 168.77 | J58: =ROUND(F58*I58,2) -> 62022.98
A59: 7. | B59: ESTRUTURA DE CONCRETO - BANCOS | I59: Subtotal: | J59: =SUBTOTAL(9,J60:J63) -> 15772.18
A60: 7.1 | B60: 103304 | C60: SINAPI | D60: INSTALAÇÃO DE BANCO METÁLICO COM ENCOSTO, 1,60 M DE COMPRIMENTO, EM TUBO DE AÇO CARBONO COM PINTURA ELETROSTÁTICA, SOBRE PISO DE CONCRETO EXISTENTE. AF_11/2021 | E60: UND | F60: 2 | G60: 1256.52 | H60: =ROUND(F60*G60,2) -> 2513.04 | I60: =ROUND(G60*$C$11,2) -> 1566.5 | J60: =ROUND(F60*I60,2) -> 3133
A61: 7.2 | B61: ED-48354 | C61: SETOP | D61: BANCO INTERNO EM CONCRETO APARENTE, ALTURA 45 CM, LARGURA 30 CM | E61: M | F61: 27 | G61: 182 | H61: =ROUND(F61*G61,2) -> 4914 | I61: =ROUND(G61*$C$11,2) -> 226.9 | J61: =ROUND(F61*I61,2) -> 6126.3
A62: 7.3 | B62: ED-50525 | C62: SETOP | D62: PINTURA COM VERNIZ ACRÍLICO EM ALVENARIA OU CONCRETO, DUAS (2) DEMÃOS, COM APLICAÇÃO MANUAL, INCLUSIVE PREPARAÇÃO DA SUPERFÍCIE COM LIXAMENTO | E62: M² | F62: =1.8*3*27 -> 145.8 | G62: 20.29 | H62: =ROUND(F62*G62,2) -> 2958.28 | I62: =ROUND(G62*$C$11,2) -> 25.3 | J62: =ROUND(F62*I62,2) -> 3688.74
A63: 7.4 | B63: ED-15449 | C63: SETOP | D63: BANCO EM CONCRETO APARENTE, SEM ENCOSTO, POLIDO COM ACABAMENTO EM VERNIZ, ESP. 8CM, COMPRIMENTO 200CM, LARGURA 40CM, ALTURA 55CM, EXCLUSIVE FIXAÇÃO EM PISO | E63: UND | F63: 6 | G63: 377.55 | H63: =ROUND(F63*G63,2) -> 2265.3 | I63: =ROUND(G63*$C$11,2) -> 470.69 | J63: =ROUND(F63*I63,2) -> 2824.14
A64: 8. | B64: ALVENARIAS | I64: Subtotal: | J64: =SUBTOTAL(9,J65:J67) -> 24870.31
A65: 8.1 | B65: 87904 | C65: SINAPI | D65: CHAPISCO APLICADO EM ALVENARIA (COM PRESENÇA DE VÃOS) E ESTRUTURAS DE CONCRETO DE FACHADA, COM COLHER DE PEDREIRO. ARGAMASSA TRAÇO 1:3 COM PREPARO MANUAL. AF_10/2022 | E65: M² | F65: =10.46*0.5+49.04*0.9+14.52*1.08 -> 65.0476 | G65: 10.04 | H65: =ROUND(F65*G65,2) -> 653.08 | I65: =ROUND(G65*$C$11,2) -> 12.52 | J65: =ROUND(F65*I65,2) -> 814.4
A66: 8.2 | B66: ED-50760 | C66: SETOP | D66: REBOCO COM ARGAMASSA, TRAÇO 1:2:9 (CIMENTO, CAL E AREIA) , COM ADITIVO IMPERMEABILIZANTE, ESP. 20MM, APLICAÇÃO MANUAL, INCLUSIVE ARGAMASSA COM PREPARO MECANIZADO, EXCLUSIVE CHAPISCO | E66: M² | F66: =10.46*0.5+49.04*0.9+14.52*1.08 -> 65.0476 | G66: 57.9 | H66: =ROUND(F66*G66,2) -> 3766.26 | I66: =ROUND(G66*$C$11,2) -> 72.18 | J66: =ROUND(F66*I66,2) -> 4695.14 | N66: =J55/J112 -> 0.054402834
A67: 8.3 | B67: ED-48213 | C67: SETOP | D67: ALVENARIA DE BLOCO DE CONCRETO CHEIO COM ARMAÇÃO, EM CONCRETO COM FCK 15MPA , ESP. 14CM, PARA REVESTIMENTO, INCLUSIVE ARGAMASSA PARA ASSENTAMENTO (DETALHE D - CADERNO SEDS) | E67: M² | F67: =10.46*0.5+49.04*0.9+14.52*1.08 -> 65.0476 | G67: 238.74 | H67: =ROUND(F67*G67,2) -> 15529.46 | I67: =ROUND(G67*$C$11,2) -> 297.64 | J67: =ROUND(F67*I67,2) -> 19360.77
A68: 9. | B68: ELÉTRICO | I68: Subtotal: | J68: =SUBTOTAL(9,J69:J92) -> 86520.07
A69: 9.1 | B69: ED-48989 | C69: SETOP | D69: CABO UNIPOLAR DE COBRE FLEXÍVEL, CLASSE 5, ISOLAMENTO TIPO EPR/HEPR, NÃO HALOGENADO E ANTICHAMA, DIÂMETRO DA SEÇÃO DE 2,5MM2, TEMPERATURA DE TRABALHO 90°C, TENSÃO NOMINAL DE OPERAÇÃO 0,6/1KV | E69: M | F69: 800 | G69: 5.49 | H69: =ROUND(F69*G69,2) -> 4392 | I69: =ROUND(G69*$C$11,2) -> 6.84 | J69: =ROUND(F69*I69,2) -> 5472
A70: 9.2 | B70: ED-48992 | C70: SETOP | D70: CABO UNIPOLAR DE COBRE FLEXÍVEL, CLASSE 5, ISOLAMENTO TIPO EPR/HEPR, NÃO HALOGENADO E ANTICHAMA, DIÂMETRO DA SEÇÃO DE 4,0MM2, TEMPERATURA DE TRABALHO 90°C, TENSÃO NOMINAL DE OPERAÇÃO 0,6/1KV | E70: M | F70: 295.89 | G70: 7.98 | H70: =ROUND(F70*G70,2) -> 2361.2 | I70: =ROUND(G70*$C$11,2) -> 9.95 | J70: =ROUND(F70*I70,2) -> 2944.11
A71: 9.3 | B71: ED-48995 | C71: SETOP | D71: CABO UNIPOLAR DE COBRE FLEXÍVEL, CLASSE 5, ISOLAMENTO TIPO EPR/HEPR, NÃO HALOGENADO E ANTICHAMA, DIÂMETRO DA SEÇÃO DE 6,0MM2, TEMPERATURA DE TRABALHO 90°C, TENSÃO NOMINAL DE OPERAÇÃO 0,6/1KV | E71: M | F71: 874.9 | G71: 10.51 | H71: =ROUND(F71*G71,2) -> 9195.2 | I71: =ROUND(G71*$C$11,2) -> 13.1 | J71: =ROUND(F71*I71,2) -> 11461.19
A72: 9.4 | B72: ED-49001 | C72: SETOP | D72: CABO UNIPOLAR DE COBRE FLEXÍVEL, CLASSE 5, ISOLAMENTO TIPO EPR/HEPR, NÃO HALOGENADO E ANTICHAMA, DIÂMETRO DA SEÇÃO DE 16,0MM2, TEMPERATURA DE TRABALHO 90°C, TENSÃO NOMINAL DE OPERAÇÃO 0,6/1KV | E72: M | F72: 120 | G72: 22.9 | H72: =ROUND(F72*G72,2) -> 2748 | I72: =ROUND(G72*$C$11,2) -> 28.55 | J72: =ROUND(F72*I72,2) -> 3426
A73: 9.5 | B73: ED-26658 | C73: SETOP | D73: DUTO CORRUGADO HELICOIDAL, EM POLIETILENO DE ALTA DENSIDADE (PEAD), DIÂMETRO DE 1.1/4", PARA CABO SUBTERRÂNEO, EXCLUSIVE ESCAVAÇÃO | E73: M | F73: 436.36 | G73: 7.76 | H73: =ROUND(F73*G73,2) -> 3386.15 | I73: =ROUND(G73*$C$11,2) -> 9.67 | J73: =ROUND(F73*I73,2) -> 4219.6
A74: 9.6 | B74: ED-49168 | C74: SETOP | D74: CAIXA DE PASSAGEM EM ALVENARIA E TAMPA DE CONCRETO, FUNDO DE BRITA, TIPO 1, DIMENSÃO (30X30X40)CM, INCLUSIVE ESCAVAÇÃO, REATERRO E BOTA-FORA | E74: UND | F74: =30-4 -> 26 | G74: 217.08 | H74: =ROUND(F74*G74,2) -> 5644.08 | I74: =ROUND(G74*$C$11,2) -> 270.63 | J74: =ROUND(F74*I74,2) -> 7036.38
A75: 9.7 | B75: ED-17953 | C75: SETOP | D75: ELETRODUTO FLEXÍVEL CORRUGADO, PVC, ANTICHAMA, DN 32MM (1"), APLICADO EM ALVENARIA, EXCLUSIVE RASGO | E75: M | F75: 156.67 | G75: 7.4 | H75: =ROUND(F75*G75,2) -> 1159.36 | I75: =ROUND(G75*$C$11,2) -> 9.23 | J75: =ROUND(F75*I75,2) -> 1446.06
A76: 9.8 | B76: ED-15748 | C76: SETOP | D76: CONJUNTO DE UMA (1) TOMADA PADRÃO, TRÊS (3) POLOS, CORRENTE 10A, TENSÃO 250V, (2P+T/10A- 250V), COM PLACA 4"X2" DE UM (1) POSTO, INCLUSIVE FORNECIMENTO, INSTALAÇÃO, SUPORTE, MÓDULO E PLACA | E76: UND | F76: 3 | G76: 34.59 | H76: =ROUND(F76*G76,2) -> 103.77 | I76: =ROUND(G76*$C$11,2) -> 43.12 | J76: =ROUND(F76*I76,2) -> 129.36
A77: 9.9 | B77: ED-15749 | C77: SETOP | D77: CONJUNTO DE UMA (1) TOMADA PADRÃO, TRÊS (3) POLOS, CORRENTE 20A, TENSÃO 250V, (2P+T/20A- 250V), COM PLACA 4"X2" DE UM (1) POSTO, INCLUSIVE FORNECIMENTO, INSTALAÇÃO, SUPORTE, MÓDULO E PLACA | E77: UND | F77: 3 | G77: 38.45 | H77: =ROUND(F77*G77,2) -> 115.35 | I77: =ROUND(G77*$C$11,2) -> 47.94 | J77: =ROUND(F77*I77,2) -> 143.82
A78: 9.10 | B78: ED-15733 | C78: SETOP | D78: CONJUNTO DE UM (1) INTERRUPTOR SIMPLES, CORRENTE 10A, TENSÃO 250V, (10A-250V), COM PLACA 4"X2" DE UM (1) POSTO, INCLUSIVE FORNECIMENTO, INSTALAÇÃO, SUPORTE, MÓDULO E PLACA | E78: UND | F78: 2 | G78: 32.41 | H78: =ROUND(F78*G78,2) -> 64.82 | I78: =ROUND(G78*$C$11,2) -> 40.41 | J78: =ROUND(F78*I78,2) -> 80.82
A79: 9.11 | B79: ED-14194 | C79: SETOP | D79: QUADRO DE DISTRIBUIÇÃO DE SOBREPOR EM CHAPA, PARA 34 DISJUNTORES DIN, INCLUSIVE BARRAMENTOS NEUTRO/TERRA E BARRAMENTO TRIFÁSICO DE 100A | E79: UND | F79: 1 | G79: 602.84 | H79: =ROUND(F79*G79,2) -> 602.84 | I79: =ROUND(G79*$C$11,2) -> 751.56 | J79: =ROUND(F79*I79,2) -> 751.56
A80: 9.12 | B80: ED-34462 | C80: SETOP | D80: DISJUNTOR MONOPOLAR TIPO DIN, CORRENTE NOMINAL DE 20A, FORNECIMENTO E INSTALAÇÃO, INCLUSIVE TERMINAL ILHÓS | E80: UND | F80: 1 | G80: 16.81 | H80: =ROUND(F80*G80,2) -> 16.81 | I80: =ROUND(G80*$C$11,2) -> 20.96 | J80: =ROUND(F80*I80,2) -> 20.96
A81: 9.13 | B81: ED-34475 | C81: SETOP | D81: DISJUNTOR BIPOLAR TIPO DIN, CORRENTE NOMINAL DE 20A, FORNECIMENTO E INSTALAÇÃO, INCLUSIVE TERMINAL ILHÓS | E81: UND | F81: 1 | G81: 47.18 | H81: =ROUND(F81*G81,2) -> 47.18 | I81: =ROUND(G81*$C$11,2) -> 58.82 | J81: =ROUND(F81*I81,2) -> 58.82
A82: 9.14 | B82: ED-34464 | C82: SETOP | D82: DISJUNTOR MONOPOLAR TIPO DIN, CORRENTE NOMINAL DE 32A, FORNECIMENTO E INSTALAÇÃO, INCLUSIVE TERMINAL ILHÓS | E82: UND | F82: 1 | G82: 19.85 | H82: =ROUND(F82*G82,2) -> 19.85 | I82: =ROUND(G82*$C$11,2) -> 24.75 | J82: =ROUND(F82*I82,2) -> 24.75
A83: 9.15 | B83: ED-34478 | C83: SETOP | D83: DISJUNTOR BIPOLAR TIPO DIN, CORRENTE NOMINAL DE 40A FORNECIMENTO E INSTALAÇÃO, INCLUSIVE TERMINAL ILHÓS | E83: UND | F83: 3 | G83: 47.95 | H83: =ROUND(F83*G83,2) -> 143.85 | I83: =ROUND(G83*$C$11,2) -> 59.78 | J83: =ROUND(F83*I83,2) -> 179.34
A84: 9.16 | B84: ED-34493 | C84: SETOP | D84: DISJUNTOR TRIPOLAR TIPO DIN, CORRENTE NOMINAL DE 63A, FORNECIMENTO E INSTALAÇÃO, INCLUSIVE TERMINAL ILHÓS | E84: UND | F84: 2 | G84: 85.86 | H84: =ROUND(F84*G84,2) -> 171.72 | I84: =ROUND(G84*$C$11,2) -> 107.04 | J84: =ROUND(F84*I84,2) -> 214.08
A85: 9.17 | B85: ED-15115 | C85: SETOP | D85: DISJUNTOR DE PROTEÇÃO DIFERENCIAL RESIDUAL (DR), BIPOLAR TIPO DIN, CORRENTE NOMINAL DE 40A, SENSIBILIDADE DE 30MA, FORNECIMENTO E INSTALAÇÃO, INCLUSIVE TERMINAL ILHÓS | E85: UND | F85: 2 | G85: 172.93 | H85: =ROUND(F85*G85,2) -> 345.86 | I85: =ROUND(G85*$C$11,2) -> 215.59 | J85: =ROUND(F85*I85,2) -> 431.18
A86: 9.18 | B86: ED-15114 | C86: SETOP | D86: DISJUNTOR DE PROTEÇÃO DIFERENCIAL RESIDUAL (DR), BIPOLAR TIPO DIN, CORRENTE NOMINAL DE 25A, SENSIBILIDADE DE 30MA, FORNECIMENTO E INSTALAÇÃO, INCLUSIVE TERMINAL ILHÓS | E86: UND | F86: 1 | G86: 138.26 | H86: =ROUND(F86*G86,2) -> 138.26 | I86: =ROUND(G86*$C$11,2) -> 172.37 | J86: =ROUND(F86*I86,2) -> 172.37
... A92: 9.24 | B92: ED-49524 | C92: SETOP | D92: RELÉ FOTOELÉTRICO, TENSÃO 220V COM CAPACIDADE DE CARGA 1800VA, INCLUSIVE BASE E INSTALAÇÃO | E92: UND | F92: 2 | G92: 49.37 | H92: =ROUND(F92*G92,2) -> 98.74 | I92: =ROUND(G92*$C$11,2) -> 61.55 | J92: =ROUND(F92*I92,2) -> 123.1
A93: 10. | B93: INSTALAÇÕES HIDROSSANITÁRIAS, LOUÇAS E METAIS | I93: Subtotal: | J93: =SUBTOTAL(9,J94:J95) -> 3191.95
A94: 10.1 | B94: ED-50019 | C94: SETOP | D94: FORNECIMENTO E ASSENTAMENTO DE TUBO PVC RÍGIDO SOLDÁVEL, ÁGUA FRIA, DN 20 MM (1/2"), INCLUSIVE CONEXÕES | E94: M | F94: 100 | G94: 24.57 | H94: =ROUND(F94*G94,2) -> 2457 | I94: =ROUND(G94*$C$11,2) -> 30.63 | J94: =ROUND(F94*I94,2) -> 3063
A95: 10.2 | B95: ED-32664 | C95: SETOP | D95: TORNEIRA PLÁSTICA PARA TANQUE/IRRIGAÇÃO, BICO COM ROSCA | E95: UND | F95: 5 | G95: 20.69 | H95: =ROUND(F95*G95,2) -> 103.45 | I95: =ROUND(G95*$C$11,2) -> 25.79 | J95: =ROUND(F95*I95,2) -> 128.95
A96: 11. | B96: ACESSÓRIOS - ACADEMIA | I96: Subtotal: | J96: =SUBTOTAL(9,J97:J101) -> 21086.99
A97: 11.1 | B97: 103307 | C97: SINAPI | D97: INSTALAÇÃO DE LIXEIRA METÁLICA DUPLA, CAPACIDADE DE 60 L, EM TUBO DE AÇO CARBONO E CESTOS EM CHAPA DE AÇO COM PINTURA ELETROSTÁTICA, SOBRE PISO DE CONCRETO EXISTENTE. AF_11/2021 | E97: UND | F97: 7 | G97: 1357.35 | H97: =ROUND(F97*G97,2) -> 9501.45 | I97: =ROUND(G97*$C$11,2) -> 1692.21 | J97: =ROUND(F97*I97,2) -> 11845.47
A98: 11.2 | B98: ED-49575 | C98: SETOP | D98: FORNECIMENTO E INSTALAÇÃO DE ESCORREGADOR MÉDIO METÁLICO PARA PARQUE INFANTIL, FIXADO COM CONCRETO NÃO ESTRUTURAL, PREPARADO EM OBRA COM BETONEIRA, COM FCK 15 MPA , INCLUSIVE ESCAVAÇÃO E TRANSPORTE COM RETIRADA DO MATERIAL ESCAVADO (EM CAÇAMBA | E98: UND | F98: 1 | G98: 1624.42 | H98: =ROUND(F98*G98,2) -> 1624.42 | I98: =ROUND(G98*$C$11,2) -> 2025.16 | J98: =ROUND(F98*I98,2) -> 2025.16
A99: 11.3 | B99: ED-15342 | C99: SETOP | D99: FORNECIMENTO E INSTALAÇÃO DE BALANÇO (REMA-REMA) METÁLICO COM SEIS LUGARES PARA PARQUE INFANTIL, FIXADO COM CONCRETO NÃO ESTRUTURAL, PREPARADO EM OBRA COM BETONEIRA, COM FCK 15 MPA , INCLUSIVE ESCAVAÇÃO E TRANSPORTE COM RETIRADA DO MATERIAL ESCAVADO (EM CAÇAMBA) | E99: UND | F99: 1 | G99: 3093.48 | H99: =ROUND(F99*G99,2) -> 3093.48 | I99: =ROUND(G99*$C$11,2) -> 3856.64 | J99: =ROUND(F99*I99,2) -> 3856.64
A100: 11.4 | B100: ED-49576 | C100: SETOP | D100: FORNECIMENTO E INSTALAÇÃO DE GANGORRA METÁLICA COM DOIS LUGARES PARA PARQUE INFANTIL, FIXADO COM CONCRETO NÃO ESTRUTURAL, PREPARADO EM OBRA COM BETONEIRA, COM FCK 15 MPA , INCLUSIVE ESCAVAÇÃO E TRANSPORTE COM RETIRADA DO MATERIAL ESCAVADO (EM CAÇAMBA) | E100: UND | F100: 1 | G100: 1736.51 | H100: =ROUND(F100*G100,2) -> 1736.51 | I100: =ROUND(G100*$C$11,2) -> 2164.91 | J100: =ROUND(F100*I100,2) -> 2164.91
A101: 11.5 | B101: ED-49580 | C101: SETOP | D101: FORNECIMENTO E INSTALAÇÃO DE ESPALDAR E BARRAS METÁLICAS PARA PARQUE INFANTIL OU ACADEMIA AO AR LIVRE, FIXADO COM CONCRETO NÃO ESTRUTURAL, PREPARADO EM OBRA COM BETONEIRA, COM FCK 15 MPA , INCLUSIVE ESCAVAÇÃO E TRANSPORTE COM RETIRADA DO MATERIAL ESCAVADO (EM CAÇAMBA) | E101: UND | F101: 1 | G101: 958.38 | H101: =ROUND(F101*G101,2) -> 958.38 | I101: =ROUND(G101*$C$11,2) -> 1194.81 | J101: =ROUND(F101*I101,2) -> 1194.81
A102: 12 | B102: GUARDA CORPO | I102: Subtotal: | J102: =SUBTOTAL(9,J103:J104) -> 22663.18
A103: 12.1 | B103: 99844 | C103: SINAPI | D103: GUARDA-CORPO DE AÇO GALVANIZADO DE 1,10M, MONTANTES TUBULARES DE 1.1/4" ESPAÇADOS 1,20M, TRAVESSA SUPERIOR DE 1.1/2", GRADIL FORMADO POR TUBOS HORIZONTAIS DE 1" E VERTICAIS DE 3/4", FIXADO COM ADESIVO ESTRUTURAL EPOXI. AF_10/2025_PS | E103: M | F103: 26 | G103: 600.78 | H103: =ROUND(F103*G103,2) -> 15620.28 | I103: =ROUND(G103*$C$11,2) -> 748.99 | J103: =ROUND(F103*I103,2) -> 19473.74
A104: 12.2 | B104: 99857 | C104: SINAPI | D104: CORRIMÃO SIMPLES, DIÂMETRO EXTERNO = 1 1/2", EM ALUMÍNIO. AF_04/2019_PS | E104: M | F104: =F103+6 -> 32 | G104: 79.95 | H104: =ROUND(F104*G104,2) -> 2558.4 | I104: =ROUND(G104*$C$11,2) -> 99.67 | J104: =ROUND(F104*I104,2) -> 3189.44
A105: 13. | B105: PINTURA | I105: Subtotal: | J105: =SUBTOTAL(9,J106:J109) -> 23853.3
A106: 13.1 | B106: 102213 | C106: SINAPI | D106: PINTURA VERNIZ (INCOLOR) ALQUÍDICO EM MADEIRA, USO INTERNO E EXTERNO, 2 DEMÃOS. AF_01/2021 | E106: M² | F106: =(0.9*2.1*2+0.7*2.0998)*2 -> 10.49972 | G106: 24.67 | H106: =ROUND(F106*G106,2) -> 259.03 | I106: =ROUND(G106*$C$11,2) -> 30.76 | J106: =ROUND(F106*I106,2) -> 322.97
A107: 13.2 | B107: 100758 | C107: SINAPI | D107: PINTURA COM TINTA ALQUÍDICA DE ACABAMENTO (ESMALTE SINTÉTICO ACETINADO) APLICADA A ROLO OU PINCEL SOBRE SUPERFÍCIES METÁLICAS (EXCETO PERFIL) EXECUTADO EM OBRA (02 DEMÃOS). AF_01/2020 | E107: M² | F107: =0.157*F103*F104 -> 130.624 | G107: 61.55 | H107: =ROUND(F107*G107,2) -> 8039.91 | I107: =ROUND(G107*$C$11,2) -> 76.73 | J107: =ROUND(F107*I107,2) -> 10022.78
A108: 13.3 | B108: 88415 | C108: SINAPI | D108: APLICAÇÃO MANUAL DE FUNDO SELADOR ACRÍLICO EM PAREDES EXTERNAS DE CASAS. AF_03/2024 | E108: M² | F108: =37.78*3.6-(1*2.2*6+1.3*0.4+0.6*0.4*2+5.2*2.85)+12.5*1.05+109.25*3 -> 447.863 | G108: 6 | H108: =ROUND(F108*G108,2) -> 2687.18 | I108: =ROUND(G108*$C$11,2) -> 7.48 | J108: =ROUND(F108*I108,2) -> 3350.02
A109: 13.4 | B109: 95626 | C109: SINAPI | D109: APLICAÇÃO MANUAL DE TINTA LÁTEX ACRÍLICA EM PAREDE EXTERNAS DE CASAS, DUAS DEMÃOS. AF_03/2024 | E109: M² | F109: =37.78*3.6-(1*2.2*6+1.3*0.4+0.6*0.4*2+5.2*2.85)+12.5*1.05+109.25*3 -> 447.863 | G109: 18.19 | H109: =ROUND(F109*G109,2) -> 8146.63 | I109: =ROUND(G109*$C$11,2) -> 22.68 | J109: =ROUND(F109*I109,2) -> 10157.53
...

Sheet MEMORIAL DE CÁLCULO
A5: MEMORIAL DE CÁLCULO - REFORMA DE PRAÇA PÚBLICA
A6: OBRA: REFORMA DE PRAÇA PÚBLICA NO BAIRRO SAUDADE.
A7: LOCAL: AVENIDA DA SAUDADE, BAIRRO SAUDADE.
A8: RESPONSÁVEL TÉCNICO PELA ORÇAMENTO: KIMBERLY MOREIRA DE SOUZA - CREA/MG: 294.926/D
A9: RESPONSÁVEL LEGAL DO MUNICÍPIO: ZILMAR PINHEIRO LOPES
A10: DATA: 15/06/2026
A11: % DE BDI: | B11: =BDI!G13 -> 0.24666704 | C11: 1.2467 | D11: =PLANILHA!D11 -> EXECUÇÃO DA OBRA: ( ) DIRETA (X) INDIRETA
A12: FONTE: | B12: =PLANILHA!B12 -> SINAPI 02/2026 - SEM DESONERAÇÃO, SICRO 01/2026 - SEM DESONERAÇÃO
A13: LEVANTAMENTO DE SERVIÇOS
A14: Item | B14: Código | C14: Fonte | D14: Descrição | I14: Quant. | J14: Uni.
A17: =PLANILHA!A17 -> 1. | D17: =PLANILHA!D17 -> IMPLANTAÇÃO DA OBRA E SERVIÇOS PRELIMINARES
A18: =PLANILHA!A18 -> 1.1 | B18: =PLANILHA!B18 -> ED-16660 | C18: =PLANILHA!C18 -> SETOP | D18: =PLANILHA!D18 -> FORNECIMENTO E COLOCAÇÃO DE PLACA DE OBRA EM CHAPA GALVANIZADA #26, ESP. 0,45 MM, PLOTADA COM ADESIVO VINÍLICO, AFIXADA COM REBITES 4,8X40 MM, EM ESTRUTURA METÁLICA DE METALON 20X20 MM, ESP. 1,25 MM, INCLUSIVE SUPORTE EM EUCALIPTO AUTOCLAVADO PINTADO COM TINTA PVA DUAS (2) DEMÃOS | I18: =PLANILHA!F18 -> 4.5 | J18: =PLANILHA!E18 -> M²
A19: DESCRIÇÃO DETALHADA | C19: C (m) | D19: L(m) | E19: H(m) | F19: A(m²) | G19: V(m³) | H19: DMT | I19: TOTAL | J19: OBS:
A20: PLACA DE OBRA DIMENSÕES | C20: 1.5 | D20: 3 | I20: =C20*D20 -> 4.5
H21: TOTAL | I21: =I20 -> 4.5 | J21: =J18 -> M²
A22: =PLANILHA!A19 -> 1.2 | B22: =PLANILHA!B19 -> 10776 | C22: =PLANILHA!C19 -> SINAPI | D22: =PLANILHA!D19 -> LOCACAO DE CONTAINER 2,30 X 6,00 M, ALT. 2,50 M, PARA ESCRITORIO, SEM DIVISORIAS INTERNAS E SEM SANITARIO (NAO INCLUI MOBILIZACAO/DESMOBILIZACAO) | I22: =PLANILHA!F19 -> 8 | J22: =PLANILHA!E19 -> MÊS
A23: DESCRIÇÃO DETALHADA | C23: C (m) | D23: L(m) | E23: H(m) | F23: A(m²) | G23: V(m³) | H23: MÊS | I23: TOTAL | J23: OBS:
A24: CONTAINER | H24: 8 | I24: =H24 -> 8
H25: TOTAL | I25: =I24 -> 8 | J25: =J22 -> MÊS
A26: =PLANILHA!A20 -> 1.3 | B26: =PLANILHA!B20 -> ED-50137 | C26: =PLANILHA!C20 -> SETOP | D26: =PLANILHA!D20 -> MOBILIZAÇÃO E DESMOBILIZAÇÃO DE CONTAINER, INCLUSIVE CARGA, DESCARGA E TRANSPORTE EM CAMINHÃO CARROCERIA COM GUINDAUTO (MUNCK), EXCLUSIVE LOCAÇÃO DO CONTAINER | I26: =PLANILHA!F20 -> 1 | J26: =PLANILHA!E20 -> UNIT.
A27: DESCRIÇÃO DETALHADA | C27: C (m) | D27: L(m) | E27: H(m) | F27: A(m²) | G27: V(m³) | H27: QTD | I27: TOTAL | J27: OBS:
A28: CONTAINER | H28: 1 | I28: =H28 -> 1
H29: TOTAL | I29: =I28 -> 1 | J29: =J26 -> UNIT.
A30: =PLANILHA!A21 -> 1.4 | B30: =PLANILHA!B21 -> ED-50276 | C30: =PLANILHA!C21 -> SETOP | D30: =PLANILHA!D21 -> LOCAÇÃO TOPOGRÁFICA ACIMA DE CINQUENTA (50) PONTOS REFERENCIAIS, INCLUSIVE ESTACA (PIQUETE) DE MARCAÇÃO (PRAÇA) | I30: =PLANILHA!F21 -> 80 | J30: =PLANILHA!E21 -> UNIT.
A31: DESCRIÇÃO DETALHADA | C31: C (m) | D31: L(m) | E31: H(m) | F31: A(m²) | G31: V(m³) | H31: QTD | I31: TOTAL | J31: OBS:
A32: REFERENCIA TOPOGRAFICA | H32: 80 | I32: =H32 -> 80
H33: TOTAL | I33: =I32 -> 80 | J33: =J30 -> UNIT.
A34: =PLANILHA!A22 -> 1.5 | B34: =PLANILHA!B22 -> 105009 | C34: =PLANILHA!C22 -> SINAPI | D34: =PLANILHA!D22 -> LOCAÇÃO CONVENCIONAL DE OBRA, UTILIZANDO GABARITO DE TÁBUAS CORRIDAS PONTALETADAS A CADA 1,50M - 2 UTILIZAÇÕES. AF_03/2024 | I34: =PLANILHA!F22 -> 46.3 | J34: =PLANILHA!E22 -> M
A35: DESCRIÇÃO DETALHADA | C35: C (m) | D35: L(m) | E35: H(m) | F35: A(m²) | G35: V(m³) | H35: QTD | I35: TOTAL | J35: OBS:
A36: REFERENCIA TOPOGRAFICA | H36: 46.3 | I36: =H36 -> 46.3
H37: TOTAL | I37: =I36 -> 46.3 | J37: =J34 -> M
A38: =PLANILHA!A23 -> 1.6 | B38: =PLANILHA!B23 -> ED-14457 | C38: =PLANILHA!C23 -> SETOP | D38: =PLANILHA!D23 -> PORTÃO PARA TAPUME FIXO DE PROTEÇÃO COM FECHAMENTO DE OBRA EM TELHA METÁLICA GALVANIZADA, TIPO TRAPEZOIDAL ESP. 0,5MM, COM MÓDULO NA DIMENSÃO DE (300X220)CM, EXCLUSIVE PINTURA ESMALTE | I38: =PLANILHA!F23 -> 10 | J38: =PLANILHA!E23 -> m2
A39: DESCRIÇÃO DETALHADA | C39: C (m) | D39: L(m) | E39: H(m) | F39: A(m²) | G39: V(m³) | H39: QTD | I39: TOTAL | J39: OBS:
A40: FECHAMENTO DA OBRA | C40: 5 | D40: 2 | I40: =C40*D40 -> 10
H41: TOTAL | I41: =I40 -> 10 | J41: =J38 -> m2
A42: =PLANILHA!A24 -> 1.7 | B42: =PLANILHA!B24 -> ED-2982 | C42: =PLANILHA!C24 -> SETOP | D42: =PLANILHA!D24 -> TAPUME FIXO DE PROTEÇÃO PARA FECHAMENTO DE OBRA EM TELHA METÁLICA GALVANIZADA, TIPO TRAPEZOIDAL, ESP. 0,5MM, COM MÓDULO NA DIMENSÃO DE (300X220)CM, COM REAPROVEITAMENTO, EXCLUSIVE PINTURA ESMALTE, INCLUSIVE PONTALETE E FIXAÇÃO | I42: =PLANILHA!F24 -> 324 | J42: =PLANILHA!E24 -> m2
A43: DESCRIÇÃO DETALHADA | C43: C (m) | D43: L(m) | E43: H(m) | F43: A(m²) | G43: V(m³) | H43: DMT | I43: TOTAL | J43: OBS:
A44: FECHAMENTO DA OBRA | C44: 162 | E44: 2 | I44: =C44*E44 -> 324
H45: TOTAL | I45: =I44 -> 324 | J45: =J42 -> m2
A46: =PLANILHA!A25 -> 1.8 | B46: =PLANILHA!B25 -> ED-50166 | C46: =PLANILHA!C25 -> SETOP | D46: =PLANILHA!D25 -> REMANEJAMENTO DE TAPUME FIXO DE PROTEÇÃO PARA FECHAMENTO DE OBRA, INCLUSIVE ESCAVAÇÃO MANUAL E REATERRO COMPACTADO | I46: =PLANILHA!F25 -> 62 | J46: =PLANILHA!E25 -> m2
A47: DESCRIÇÃO DETALHADA | C47: C (m) | D47: L(m) | E47: H(m) | F47: A(m²) | G47: V(m³) | H47: DMT | I47: TOTAL | J47: OBS:
A48: FECHAMENTO DA OBRA | C48: 31 | E48: 2 | I48: =C48*E48 -> 62 | J48: Em frente ao cemitério
H49: TOTAL | I49: =I48 -> 62 | J49: =J46 -> m2
A50: =PLANILHA!A26 -> 2. | D50: =PLANILHA!D26 -> MOVIMENTAÇÃO DE TERRA, JARDINAGEM E DEMOLIÇÃO.
A51: =PLANILHA!A27 -> 2.1 | B51: =PLANILHA!B27 -> ED-48489 | C51: =PLANILHA!C27 -> SETOP | D51: =PLANILHA!D27 -> DEMOLIÇÃO MECANIZADA DE LAJE DE CONCRETO ARMADO, COM ESPESSURA DE ATÉ 15CM, , COM EQUIPAMENTO ELÉTRICO, INCLUSIVE AFASTAMENTO E EMPILHAMENTO, EXCLUSIVE TRANSPORTE E RETIRADA DO MATERIAL DEMOLIDO | I51: =PLANILHA!F27 -> 62.28 | J51: =PLANILHA!E27 -> M²
A52: DESCRIÇÃO DETALHADA | C52: C (m) | D52: L(m) | E52: H(m) | F52: A(m²) | G52: V(m³) | H52: QTD | I52: TOTAL | J52: OBS: Demolição diversos
A53: DEMOLIÇÃO PISO EXISTENTE | F53: 62.28 | I53: =F53 -> 62.28 | J53: Área da Academia
H54: TOTAL | I54: =I53 -> 62.28 | J54: =J51 -> M²
A55: =PLANILHA!A28 -> 2.2 | B55: =PLANILHA!B28 -> 97625 | C55: =PLANILHA!C28 -> SINAPI | D55: =PLANILHA!D28 -> DEMOLIÇÃO DE ALVENARIA PARA QUALQUER TIPO DE BLOCO, DE FORMA MECANIZADA, SEM REAPROVEITAMENTO. AF_09/2023 | I55: =PLANILHA!F28 -> 20 | J55: =PLANILHA!E28 -> M³
A56: DESCRIÇÃO DETALHADA | C56: C (m) | D56: L(m) | E56: H(m) | F56: A(m²) | G56: V(m³) | H56: QTD | I56: TOTAL | J56: OBS: Demolição diversos
A57: ALVENARIA EXISTENTE DA ACADEMIA | C57: 30 | F57: 20 | I57: 20
H58: TOTAL | I58: 20 | J58: =J55 -> M³
A59: =PLANILHA!A29 -> 2.3 | B59: =PLANILHA!B29 -> ED-48476 | C59: =PLANILHA!C29 -> SETOP | D59: =PLANILHA!D29 -> REMOÇÃO MANUAL DE PAVIMENTAÇÃO INTERTRAVADA OU SEXTAVADO EM PRÉ-MOLDADO DE CONCRETO, COM REAPROVEITAMENTO, INCLUSIVE AFASTAMENTO E EMPILHAMENTO, EXCLUSIVE TRANSPORTE E RETIRADA DO MATERIAL REMOVIDO NÃO REAPROVEITÁVEL | I59: =PLANILHA!F29 -> 50 | J59: =PLANILHA!E29 -> M²
A60: DESCRIÇÃO DETALHADA | C60: C (m) | D60: L(m) | E60: H(m) | F60: A(m²) | G60: V(m³) | H60: QTD | I60: TOTAL | J60: OBS:
A61: PAVIMENTO INTERTRAVADO | F61: 50 | I61: =F61 -> 50 | J61: Em frente ao cemitério
H62: TOTAL | I62: =I61 -> 50 | J62: =J59 -> M²
A63: =PLANILHA!A30 -> 2.4 | B63: =PLANILHA!B30 -> ED-48472 | C63: =PLANILHA!C30 -> SETOP | D63: =PLANILHA!D30 -> REMOÇÃO MANUAL DE GUIA DE MEIO-FIO PRÉ-MOLDADA EM CONCRETO, COM REAPROVEITAMENTO, INCLUSIVE AFASTAMENTO E EMPILHAMENTO, EXCLUSIVE TRANSPORTE E RETIRADA DO MATERIAL REMOVIDO NÃO REAPROVEITÁVEL | I63: =PLANILHA!F30 -> 50 | J63: =PLANILHA!E30 -> M
A64: DESCRIÇÃO DETALHADA | C64: C (m) | D64: L(m) | E64: H(m) | F64: A(m²) | G64: V(m³) | H64: QTD | I64: TOTAL | J64: OBS:
A65: MEIO FIO | C65: 50 | I65: =C65 -> 50 | J65: Em frente ao cemitério
H66: TOTAL | I66: =I65 -> 50 | J66: =J63 -> M
A67: =PLANILHA!A31 -> 2.5 | B67: =PLANILHA!B31 -> 98520 | C67: =PLANILHA!C31 -> SINAPI | D67: =PLANILHA!D31 -> APLICAÇÃO DE ADUBO EM SOLO. AF_07/2024 | I67: =PLANILHA!F31 -> 435.18 | J67: =PLANILHA!E31 -> M²
A68: DESCRIÇÃO DETALHADA | C68: C (m) | D68: L(m) | E68: H(m) | F68: A(m²) | G68: V(m³) | H68: QTD | I68: TOTAL | J68: OBS:
A69: TRATAMENTO DE SOLO EM JARDINS | F69: 435.18 | I69: =F69 -> 435.18 | J69: Conforme projeto arquitetonico, área de jardins
H70: TOTAL | I70: =I69 -> 435.18 | J70: =J67 -> M²
A71: =PLANILHA!A32 -> 2.6 | B71: =PLANILHA!B32 -> ED-50437 | C71: =PLANILHA!C32 -> SETOP | D71: =PLANILHA!D32 -> PLANTIO DE GRAMA ESMERALDA EM PLACAS, INCLUSIVE TERRA VEGETAL E CONSERVAÇÃO POR TRINTA (30) DIAS | I71: =PLANILHA!F32 -> 421.73 | J71: =PLANILHA!E32 -> M²
A72: DESCRIÇÃO DETALHADA | C72: C (m) | D72: L(m) | E72: H(m) | F72: A(m²) | G72: V(m³) | H72: QTD | I72: TOTAL | J72: OBS:
A73: PLANTIO DE GRAMA | F73: 411.73 | I73: 421.73 | J73: gramas, jardins, conforme projeto arquitetonico
H74: TOTAL | I74: =I73 -> 421.73 | J74: =J71 -> M²
A75: =PLANILHA!A33 -> 2.7 | B75: =PLANILHA!B33 -> 98516 | C75: =PLANILHA!C33 -> SINAPI | D75: =PLANILHA!D33 -> PLANTIO DE PALMEIRA COM ALTURA DE MUDA MENOR OU IGUAL A 2,00 M . AF_07/2024 | I75: =PLANILHA!F33 -> 19 | J75: =PLANILHA!E33 -> UND
A76: DESCRIÇÃO DETALHADA | C76: C (m) | D76: L(m) | E76: H(m) | F76: A(m²) | G76: V(m³) | H76: QTD | I76: TOTAL | J76: OBS:
A77: PALMEIRAS | H77: 19 | I77: =H77 -> 19 | J77: Conforme projeto arquitetonico
H78: TOTAL | I78: =I77 -> 19 | J78: =J75 -> UND
A79: =PLANILHA!A34 -> 2.8 | B79: =PLANILHA!B34 -> 98511 | C79: =PLANILHA!C34 -> SINAPI | D79: =PLANILHA!D34 -> PLANTIO DE ÁRVORE ORNAMENTAL COM ALTURA DE MUDA MAIOR QUE 2,00 M E MENOR OU IGUAL A 4,00 M . AF_07/2024 | I79: =PLANILHA!F34 -> 115 | J79: =PLANILHA!E34 -> UND
A80: DESCRIÇÃO DETALHADA | C80: C (m) | D80: L(m) | E80: H(m) | F80: A(m²) | G80: V(m³) | H80: QTD | I80: TOTAL | J80: OBS:
A81: ARVORES DIVERSAS | H81: 115 | I81: =H81 -> 115 | J81: Conforme projeto arquitetonico.
H82: TOTAL | I82: =I81 -> 115 | J82: =J79 -> UND
A83: =PLANILHA!A35 -> 2.9 | B83: =PLANILHA!B35 -> ED-51100 | C83: =PLANILHA!C35 -> SETOP | D83: =PLANILHA!D35 -> CORTE E DESATERRO MECÂNICO PARA REGULARIZAÇÃO, COM TRATOR DE ESTEIRA, INCLUSIVE ARRASTAMENTO NIVELADO, AFASTAMENTO E EMPILHAMENTO, EXCLUSIVE CARGA, TRANSPORTE E DESCARGA | I83: =PLANILHA!F35 -> 100 | J83: =PLANILHA!E35 -> M³
A84: DESCRIÇÃO DETALHADA | C84: C (m) | D84: L(m) | E84: H(m) | F84: A(m²) | G84: V(m³) | H84: QTD | I84: TOTAL | J84: OBS:
A85: CORREÇÃO DO SOLO | F85: 100 | I85: =F85 -> 100 | J85: Jardim existente.
H86: TOTAL | I86: =I85 -> 100 | J86: =J83 -> M³
A87: =PLANILHA!A36 -> 2.10 | B87: =PLANILHA!B36 -> ED-51122 | C87: =PLANILHA!C36 -> SETOP | D87: =PLANILHA!D36 -> REGULARIZAÇÃO E COMPACTAÇÃO DE TERRENO MANUAL COM SOQUETE, EXCLUSIVE DESMATAMENTO, DESTOCAMENTO, LIMPEZA/ROÇADA DO TERRENO | I87: =PLANILHA!F36 -> 414.72 | J87: =PLANILHA!E36 -> M²
A88: DESCRIÇÃO DETALHADA | C88: C (m) | D88: L(m) | E88: H(m) | F88: A(m²) | G88: V(m³) | H88: QTD | I88: TOTAL | J88: OBS:
A89: CORREÇÃO DO SOLO | F89: =(122.15+49.58+17.25+17.35+7.35+9.87+4.87+8.4+9.37+6.82+1.87+116+47.52+100)*0.8 -> 414.72 | I89: =F89 -> 414.72 | J89: Regularização de terrenos
H90: TOTAL | I90: =I89 -> 414.72 | J90: =J87 -> M²
A91: =PLANILHA!A37 -> 3. | D91: =PLANILHA!D37 -> FUNDAÇÕES
A92: =PLANILHA!A38 -> 3.1 | B92: =PLANILHA!B38 -> 96527 | C92: =PLANILHA!C38 -> SINAPI | D92: =PLANILHA!D38 -> ESCAVAÇÃO MANUAL PARA VIGA BALDRAME OU SAPATA CORRIDA (INCLUINDO ESCAVAÇÃO PARA COLOCAÇÃO DE FÔRMAS). AF_01/2024 | I92: =PLANILHA!F38 -> 44.6985 | J92: =PLANILHA!E38 -> M³
A93: DESCRIÇÃO DETALHADA | C93: C (m) | D93: L(m) | E93: H(m) | F93: A(m²) | G93: V(m³) | H93: QTD | I93: TOTAL | J93: OBS:
A94: ESCAVAÇÃO DE VIGAS BALDRAMES | C94: 277.9 | D94: 0.3 | E94: 0.5 | I94: =C94*D94*E94 -> 41.685 | J94: Volume de escavação.
H95: TOTAL | I95: =I94 -> 41.685 | J95: =J92 -> M³
A96: =PLANILHA!A39 -> 3.2 | B96: =PLANILHA!B39 -> 96523 | C96: =PLANILHA!C39 -> SINAPI | D96: =PLANILHA!D39 -> ESCAVAÇÃO MANUAL PARA BLOCO DE COROAMENTO OU SAPATA (INCLUINDO ESCAVAÇÃO PARA COLOCAÇÃO DE FÔRMAS). AF_01/2024 | I96: =PLANILHA!F39 -> 37.584 | J96: =PLANILHA!E39 -> M³
A97: DESCRIÇÃO DETALHADA | C97: C (m) | D97: L(m) | E97: H(m) | F97: A(m²) | G97: V(m³) | H97: EMPOLAMENTO (%) | I97: TOTAL | J97: OBS:
A98: ESCAVAÇÃO BLOCOS | G98: =((53+28+12+12+14.66+16.52+15.72+9.45+15.72+11.82+20.54+3.19+2.35+1.35+1.35+1.35+8.3*2+0.85*2+1.45*2+1.35+2.07+38.3+5.2+1.5*2+1.55+5.2*4+1.15*2)*0.3*0.5)-2.52 -> 44.6985 | I98: =G98 -> 44.6985 | J98: Volume de escavação.
H99: TOTAL | I99: =I98 -> 44.6985 | J99: =J96 -> M³
A100: =PLANILHA!A40 -> 3.3 | B100: =PLANILHA!B40 -> ED-31563 | C100: =PLANILHA!C40 -> SETOP | D100: =PLANILHA!D40 -> FÔRMA E DESFORMA PARA PILAR COM CHAPA DE COMPENSADO PLASTIFICADO, ESP. 14MM, REAPROVEITAMENTO (5X), EXCLUSIVE ESCORAMENTO | I100: =PLANILHA!F40 -> 506.33 | J100: =PLANILHA!E40 -> M²
A101: DESCRIÇÃO DETALHADA | C101: C (m) | D101: L(m) | E101: H(m) | F101: A(m²) | G101: V(m³) | H101: QTD | I101: TOTAL | J101: OBS:
A102: FUNDAÇÃO | F102: 537.01 | H102: 537.01 | I102: =F102 -> 537.01 | J102: Conforme projeto estrutural.
H103: TOTAL | I103: =I102 -> 537.01 | J103: =J100 -> M²
A104: =PLANILHA!A41 -> 3.4 | B104: =PLANILHA!B41 -> ED-49787 | C104: =PLANILHA!C41 -> SETOP | D104: =PLANILHA!D41 -> FORNECIMENTO DE CONCRETO ESTRUTURAL, PREPARADO EM OBRA COM BETONEIRA, COM FCK 25MPA, INCLUSIVE LANÇAMENTO, ADENSAMENTO E ACABAMENTO (FUNDAÇÃO) | I104: =PLANILHA!F41 -> 40.86 | J104: =PLANILHA!E41 -> M³
A105: DESCRIÇÃO DETALHADA | C105: C (m) | D105: L(m) | E105: H(m) | F105: A(m²) | G105: V(m³) | H105: QTD | I105: TOTAL | J105: OBS:
A106: SAPATAS E VIGAS BALDRAMES | H106: =I104 -> 40.86 | I106: =H106 -> 40.86 | J106: Conforme projeto estrutural.
...

Sheet CRONOGRAMA
A5: CRONOGRAMA FISICO FINANCEIRO - REFORMA DE PRAÇA PÚBLICA
A6: OBRA: REFORMA DE PRAÇA PÚBLICA NO BAIRRO SAUDADE.
A7: LOCAL: AVENIDA DA SAUDADE, BAIRRO SAUDADE.
A8: RESPONSÁVEL TÉCNICO PELA ORÇAMENTO: KIMBERLY MOREIRA DE SOUZA - CREA/MG: 294.926/D
A9: RESPONSÁVEL LEGAL DO MUNICÍPIO: ZILMAR PINHEIRO LOPES
A10: DATA: 15/06/2026
A11: % DE BDI: | B11: =BDI!G13 -> 0.24666704 | C11: =PLANILHA!D11 -> EXECUÇÃO DA OBRA: ( ) DIRETA (X) INDIRETA
A12: FONTE: | B12: =PLANILHA!B12 -> SINAPI 02/2026 - SEM DESONERAÇÃO, SICRO 01/2026 - SEM DESONERAÇÃO
A13: ETAPA | B13: METAS | C13: vl. etapa | D13: peso(%) | E13: MÊS 01 | F13: MÊS 02 | G13: MÊS 03 | H13: MÊS 04 | I13: MÊS 05 | J13: MÊS 06 | K13: MÊS 07 | L13: MÊS 08 | M13: TOTAL (R$)
A14: 1 | B14: =PLANILHA!D17 -> IMPLANTAÇÃO DA OBRA E SERVIÇOS PRELIMINARES | C14: =PLANILHA!J17 -> 52395.69 | D14: =C14/$C$42 -> 0.070273905 | E14: 0.3 | F14: 0.3 | G14: 0.15 | H14: 0.05 | I14: 0.05 | J14: 0.05 | K14: 0.05 | L14: 0.05 | M14: =SUM(E14:L14) -> 1
E15: =E14*$C$14 -> 15718.707 | F15: =F14*$C$14 -> 15718.707 | G15: =G14*$C$14 -> 7859.3535 | H15: =H14*$C$14 -> 2619.7845 | I15: =I14*$C$14 -> 2619.7845 | J15: =J14*$C$14 -> 2619.7845 | K15: =K14*$C$14 -> 2619.7845 | L15: =L14*$C$14 -> 2619.7845 | M15: =SUM(E15:L15) -> 52395.69
A16: 2 | B16: =PLANILHA!D26 -> MOVIMENTAÇÃO DE TERRA, JARDINAGEM E DEMOLIÇÃO. | C16: =PLANILHA!J26 -> 71559.74 | D16: =C16/$C$42 -> 0.095977023 | E16: 0.5 | J16: 0.05 | K16: 0.2 | L16: 0.25 | M16: =SUM(E16:L16) -> 1
E17: =E16*$C$16 -> 35779.87 | F17: =F16*$C$16 -> 0 | G17: =G16*$C$16 -> 0 | H17: =H16*$C$16 -> 0 | I17: =I16*$C$16 -> 0 | J17: =J16*$C$16 -> 3577.987 | K17: =K16*$C$16 -> 14311.948 | L17: =L16*$C$16 -> 17889.935 | M17: =SUM(E17:L17) -> 71559.74
A18: 3 | B18: =PLANILHA!D37 -> FUNDAÇÕES | C18: =PLANILHA!J37 -> 155770.7 | D18: =C18/$C$42 -> 0.20892206 | E18: 0.1 | F18: 0.1 | G18: 0.8 | M18: =SUM(E18:L18) -> 1
E19: =E18*$C$18 -> 15577.07 | F19: =F18*$C$18 -> 15577.07 | G19: =G18*$C$18 -> 124616.56 | H19: =H18*$C$18 -> 0 | I19: =I18*$C$18 -> 0 | J19: =J18*$C$18 -> 0 | K19: =K18*$C$18 -> 0 | L19: =L18*$C$18 -> 0 | M19: =SUM(E19:L19) -> 155770.7
A20: 4 | B20: =PLANILHA!D48 -> ESTRUTURA | C20: =PLANILHA!J48 -> 30560.53 | D20: =C20/$C$42 -> 0.040988253 | H20: 0.2 | I20: 0.2 | J20: 0.5 | K20: 0.1 | M20: =SUM(E20:L20) -> 1
E21: =E20*$C$20 -> 0 | F21: =F20*$C$20 -> 0 | G21: =G20*$C$20 -> 0 | H21: =H20*$C$20 -> 6112.106 | I21: =I20*$C$20 -> 6112.106 | J21: =J20*$C$20 -> 15280.265 | K21: =K20*$C$20 -> 3056.053 | L21: =L20*$C$20 -> 0 | M21: =SUM(E21:L21) -> 30560.53
A22: 5 | B22: =PLANILHA!D51 -> PISOS E ACESSIBILIDADE | C22: =PLANILHA!J51 -> 173134.79 | D22: =C22/$C$42 -> 0.23221104 | H22: 0.2 | I22: 0.2 | J22: 0.2 | K22: 0.2 | L22: 0.2 | M22: =SUM(E22:L22) -> 1
E23: =E22*$C$22 -> 0 | F23: =F22*$C$22 -> 0 | G23: =G22*$C$22 -> 0 | H23: =H22*$C$22 -> 34626.958 | I23: =I22*$C$22 -> 34626.958 | J23: =J22*$C$22 -> 34626.958 | K23: =K22*$C$22 -> 34626.958 | L23: =L22*$C$22 -> 34626.958 | M23: =SUM(E23:L23) -> 173134.79
A24: 6 | B24: =PLANILHA!B57:H57 -> PAVIMENTOS | C24: =PLANILHA!J57 -> 62022.98 | D24: =C24/$C$42 -> 0.083186174 | J24: 0.2 | K24: 0.4 | L24: 0.4 | M24: =SUM(E24:L24) -> 1
E25: =E24*$C$24 -> 0 | F25: =F24*$C$24 -> 0 | G25: =G24*$C$24 -> 0 | H25: =H24*$C$24 -> 0 | I25: =I24*$C$24 -> 0 | J25: =J24*$C$24 -> 12404.596 | K25: =K24*$C$24 -> 24809.192 | L25: =L24*$C$24 -> 24809.192 | M25: =SUM(E25:L25) -> 62022.98
A26: 7 | B26: =PLANILHA!B59:H59 -> ESTRUTURA DE CONCRETO - BANCOS | C26: =PLANILHA!J59 -> 15772.18 | D26: =C26/$C$42 -> 0.02115389 | J26: 0.2 | K26: 0.8 | M26: =SUM(E26:L26) -> 1
E27: =E26*$C$26 -> 0 | F27: =F26*$C$26 -> 0 | G27: =G26*$C$26 -> 0 | H27: =H26*$C$26 -> 0 | I27: =I26*$C$26 -> 0 | J27: =J26*$C$26 -> 3154.436 | K27: =K26*$C$26 -> 12617.744 | L27: =L26*$C$26 -> 0 | M27: =SUM(E27:L27) -> 15772.18
A28: 8 | B28: =PLANILHA!B64:H64 -> ALVENARIAS | C28: =PLANILHA!J64 -> 24870.31 | D28: =C28/$C$42 -> 0.033356442 | L28: 1 | M28: =SUM(E28:L28) -> 1
E29: =E28*$C$28 -> 0 | F29: =F28*$C$28 -> 0 | G29: =G28*$C$28 -> 0 | H29: =H28*$C$28 -> 0 | I29: =I28*$C$28 -> 0 | J29: =J28*$C$28 -> 0 | K29: =K28*$C$28 -> 0 | L29: =L28*$C$28 -> 24870.31 | M29: =SUM(E29:L29) -> 24870.31
A30: 9 | B30: =PLANILHA!B68:H68 -> ELÉTRICO | C30: =PLANILHA!J68 -> 86520.07 | D30: =C30/$C$42 -> 0.11604205 | G30: 0.2 | H30: 0.2 | I30: 0.2 | J30: 0.4 | M30: =SUM(E30:L30) -> 1
E31: =E30*$C$30 -> 0 | F31: =F30*$C$30 -> 0 | G31: =G30*$C$30 -> 17304.014 | H31: =H30*$C$30 -> 17304.014 | I31: =I30*$C$30 -> 17304.014 | J31: =J30*$C$30 -> 34608.028 | K31: =K30*$C$30 -> 0 | L31: =L30*$C$30 -> 0 | M31: =SUM(E31:L31) -> 86520.07
A32: 10 | B32: =PLANILHA!B93:H93 -> INSTALAÇÕES HIDROSSANITÁRIAS, LOUÇAS E METAIS | C32: =PLANILHA!J93 -> 3191.95 | D32: =C32/$C$42 -> 0.0042810924 | K32: 0.5 | L32: 0.5 | M32: =SUM(E32:L32) -> 1
E33: =E32*$C$32 -> 0 | F33: =F32*$C$32 -> 0 | G33: =G32*$C$32 -> 0 | H33: =H32*$C$32 -> 0 | I33: =I32*$C$32 -> 0 | J33: =J32*$C$32 -> 0 | K33: =K32*$C$32 -> 1595.975 | L33: =L32*$C$32 -> 1595.975 | M33: =SUM(E33:L33) -> 3191.95
A34: 11 | B34: =PLANILHA!B96:H96 -> ACESSÓRIOS - ACADEMIA | C34: =PLANILHA!J96 -> 21086.99 | D34: =C34/$C$42 -> 0.028282195 | H34: 0.2 | I34: 0.3 | K34: 0.3 | L34: 0.2 | M34: =SUM(E34:L34) -> 1
E35: =E34*$C$34 -> 0 | F35: =F34*$C$34 -> 0 | G35: =G34*$C$34 -> 0 | H35: =H34*$C$34 -> 4217.398 | I35: =I34*$C$34 -> 6326.097 | J35: =J34*$C$34 -> 0 | K35: =K34*$C$34 -> 6326.097 | L35: =L34*$C$34 -> 4217.398 | M35: =SUM(E35:L35) -> 21086.99
A36: 12 | B36: =PLANILHA!B102:H102 -> GUARDA CORPO | C36: =PLANILHA!J102 -> 22663.18 | D36: =C36/$C$42 -> 0.030396205 | J36: 0.4 | K36: 0.6 | M36: =SUM(E36:L36) -> 1
E37: =E36*$C$36 -> 0 | F37: =F36*$C$36 -> 0 | G37: =G36*$C$36 -> 0 | H37: =H36*$C$36 -> 0 | I37: =I36*$C$36 -> 0 | J37: =J36*$C$36 -> 9065.272 | K37: =K36*$C$36 -> 13597.908 | L37: =L36*$C$36 -> 0 | M37: =SUM(E37:L37) -> 22663.18
A38: 13 | B38: =PLANILHA!B105:H105 -> PINTURA | C38: =PLANILHA!J105 -> 23853.3 | D38: =C38/$C$42 -> 0.031992413 | I38: 0.8 | J38: 0.2 | M38: =SUM(E38:L38) -> 1
E39: =E38*$C$38 -> 0 | F39: =F38*$C$38 -> 0 | G39: =G38*$C$38 -> 0 | H39: =H38*$C$38 -> 0 | I39: =I38*$C$38 -> 19082.64 | J39: =J38*$C$38 -> 4770.66 | K39: =K38*$C$38 -> 0 | L39: =L38*$C$38 -> 0 | M39: =SUM(E39:L39) -> 23853.3
A40: 15 | B40: =PLANILHA!B110:H110 -> LIMPEZA FINAL | C40: =PLANILHA!J110 -> 2190 | D40: =C40/$C$42 -> 0.0029372617 | L40: 1 | M40: =SUM(E40:L40) -> 1
E41: =E40*$C$40 -> 0 | F41: =F40*$C$40 -> 0 | G41: =G40*$C$40 -> 0 | H41: =H40*$C$40 -> 0 | I41: =I40*$C$40 -> 0 | J41: =J40*$C$40 -> 0 | K41: =K40*$C$40 -> 0 | L41: =L40*$C$40 -> 2190 | M41: =SUM(E41:L41) -> 2190
A42: SOMA | C42: =PLANILHA!J112 -> 745592.41 | D42: =SUM(D14:D41) -> 1 | E42: =E15+E17+E19+E21+E23+E25+E27+E29+E31+E33+E35+E37+E39+E41 -> 67075.647 | F42: =F15+F17+F19+F21+F23+F25+F27+F29+F31+F33+F35+F37+F39+F41 -> 31295.777 | G42: =G15+G17+G19+G21+G23+G25+G27+G29+G31+G33+G35+G37+G39+G41 -> 149779.93 | H42: =H15+H17+H19+H21+H23+H25+H27+H29+H31+H33+H35+H37+H39+H41 -> 64880.26 | I42: =I15+I17+I19+I21+I23+I25+I27+I29+I31+I33+I35+I37+I39+I41 -> 86071.599 | J42: =J15+J17+J19+J21+J23+J25+J27+J29+J31+J33+J35+J37+J39+J41 -> 120107.99 | K42: =K15+K17+K19+K21+K23+K25+K27+K29+K31+K33+K35+K37+K39+K41 -> 113561.66 | L42: =L15+L17+L19+L21+L23+L25+L27+L29+L31+L33+L35+L37+L39+L41 -> 112819.55 | M42: =M15+M17+M19+M21+M23+M25+M27+M29+M31+M33+M35+M37+M39+M41 -> 745592.41
A43: EXECUÇÃO FÍSICA MENSAL (%) | E43: =E42/$C$42 -> 0.089962889 | F43: =F42/$C$42 -> 0.041974377 | G43: =G42/$C$42 -> 0.20088714 | H43: =H42/$C$42 -> 0.087018403 | I43: =I42/$C$42 -> 0.11544055 | J43: =J42/$C$42 -> 0.16109068 | K43: =K42/$C$42 -> 0.15231064 | L43: =L42/$C$42 -> 0.15131532 | M43: =M42/$C$42 -> 1
A44: EXECUÇÃO FINANCEIRA ACUMULADA | E44: =E42 -> 67075.647 | F44: =E44+F42 -> 98371.424 | G44: =F44+G42 -> 248151.35 | H44: =G44+H42 -> 313031.61 | I44: =H44+I42 -> 399103.21 | J44: =I44+J42 -> 519211.2 | K44: =J44+K42 -> 632772.86 | L44: =K44+L42 -> 745592.41 | M44: 1/1
A46: EXECUÇÃO FÍSICA ACUMULADA (%) | E46: =E44/$C$42 -> 0.089962889 | F46: =F44/$C$42 -> 0.13193727 | G46: =G44/$C$42 -> 0.33282441 | H46: =H44/$C$42 -> 0.41984281 | I46: =I44/$C$42 -> 0.53528336 | J46: =J44/$C$42 -> 0.69637404 | K46: =K44/$C$42 -> 0.84868468 | L46: =L44/$C$42 -> 1 | M46: 1/1
A51: _________________________________________________ Kimberly Moreira de Souza Engenheiro Civil - CREA/MG: 294.926/D Técnico responsável pela elaboração do orçamento | E51: _________________________________________________ Zilmar Pinheiro Lopes Prefeito Municipal Representante legal do município

Sheet BDI
A5: BDI - REFORMA DE PRAÇA PÚBLICA
A6: OBRA: REFORMA DE PRAÇA PÚBLICA NO BAIRRO SAUDADE.
A7: LOCAL: AVENIDA DA SAUDADE, BAIRRO SAUDADE.
A8: RESPONSÁVEL TÉCNICO PELA ORÇAMENTO: KIMBERLY MOREIRA DE SOUZA - CREA/MG: 294.926/D
A9: RESPONSÁVEL LEGAL DO MUNICÍPIO: ZILMAR PINHEIRO LOPES
A10: DATA: 15/06/2026
A11: % DE BDI: | B11: =BDI!G13 -> 0.24666704 | C11: =PLANILHA!D11 -> EXECUÇÃO DA OBRA: ( ) DIRETA (X) INDIRETA
A12: FONTE: | B12: =PLANILHA!B12 -> SINAPI 02/2026 - SEM DESONERAÇÃO, SICRO 01/2026 - SEM DESONERAÇÃO
A13: INTERVALOS ADMISSÍVEIS SEM JUSTIFICATIVA | C13: COMPOSIÇÃO BDI | E13: BDI PROPOSTO | G13: =((1+D17+D14+D15)*(1+D16)*(1+D18))/(1-D19)-1 -> 0.24666704
A14: Garantia (G) + Seguros (S) | B14: De 0,32% até 0,74% | C14: GARANTIA | D14: 0.004
A15: Risco ( R) | B15: De 0,50% até 0,97% | C15: RISCO | D15: 0.0056
A16: Despesas financeiras (DF) | B16: De 1,02% até 1,21% | C16: DESPESAS FINANCEIRAS | D16: 0.0111
A17: Administração Central (AC) | B17: De 3,80% até 4,67% | C17: ADMINISTRAÇÃO CENTRAL | D17: 0.0401
A18: Lucro (L) | B18: De 6,64% até 8,69% | C18: LUCRO | D18: 0.073
A19: Tributos (T) | B19: De 4,65% até 6,65% | C19: *TRIBUTOS | D19: =D26 -> 0.0865
C21: * TRIBUTOS ADOTADOR E JUSTIFICADOS
C22: cofins | D22: 0.03
C23: pis | D23: 0.0065
C24: ISS(5%) | D24: 0.05
C25: CPRB*
C26: TOTAL | D26: =SUM(D22:D25) -> 0.0865
A30: _________________________________________________ Kimberly Moreira de Souza Engenheiro Civil - CREA/MG: 294.926/D Técnico responsável pela elaboração do orçamento | D30: _________________________________________________ Zilmar Pinheiro Lopes Prefeito Municipal Representante legal do município
